 Dungeon Crawl Stone Soup version 0.30.0-10-gfe55d96785 (webtiles) character file.

Game seed: 501583749685843506

488 GloriousHammer the Firebug (level 7, 0/36 HPs)
             Began as a Gargoyle Fire Elementalist on May 14, 2023.
             Was an Initiate of Vehumet.
             Engulfed by a cloud of flame (6 damage)
             ... on level 6 of the Dungeon.
             The game lasted 00:11:14 (4631 turns).

GloriousHammer the Firebug (GrFE)                   Turns: 4631, Time: 00:11:15

Health: 0/36       AC:  9    Str: 11    XL:     7   Next: 13%
Magic:  8/12       EV: 11    Int: 18    God:    Vehumet [......]
Gold:   226        SH:  5    Dex: 10    Spells: 2/13 levels left

rFire   + + .        h - +0 whip
rCold   . . .        (no shield)
rNeg    + . .        a - +0 robe
rPois   ∞            (no helmet)
rElec   +            c - +0 cloak
rCorr   .            (no gloves)
SInv    +            w - +1 pair of boots of the Soft God {rF+}
Will    .....        t - amulet of reflection
Stlth   ++           v - ring of see invisible
HPRegen 0.26/turn    F - ring of protection from fire
MPRegen 0.13/turn

%: reflection
@: brilliant
A: sickness immunity, AC +4, negative energy resistance 1, electricity
resistance, torment resistance 1, petrification resistance
a: Renounce Religion


You were on level 6 of the Dungeon.
You worshipped Vehumet.
Vehumet was noncommittal.
You visited 2 branches of the dungeon, and saw 6 of its levels.

You collected 226 gold pieces.

Inventory:

Hand Weapons
 f - a +0 short sword
 h - a +0 whip (weapon)
 n - the +4 war axe of Salt {antimagic, *Corrode Fly rPois Will++}
   (You found it on level 2 of the Dungeon)

   rPois:     It protects you from poison.
   Fly:       It grants you flight.
   *Corrode:  It may corrode you when you take damage.
   Will:      It greatly increases your willpower.
 q - a +0 mace of holy wrath
Missiles
 s - 2 poisoned darts (quivered)
 y - 5 curare-tipped darts
Armour
 a - a +0 robe (worn)
 c - a +0 cloak (worn)
 w - the +1 pair of boots of the Soft God (worn) {rF+}
   (You found it on level 3 of the Dungeon)

   rF:        It protects you from fire.
Magical Staves
 x - a staff of conjuration
Jewellery
 t - an amulet of reflection (around neck)
 v - a ring of see invisible (left hand)
 F - a ring of protection from fire (right hand)
 S - a +6 ring of strength
Scrolls
 d - 2 scrolls of magic mapping {unknown}
 e - a scroll of immolation
 i - a scroll of fog {unknown}
 k - a scroll of enchant armour {unknown}
 l - a scroll of amnesia {unknown}
 p - a scroll of teleportation {unknown}
Potions
 b - a potion of magic
 g - 2 potions of heal wounds {unknown}
 j - a potion of curing
 m - a potion of berserk rage {unknown}
 o - a potion of mutation {unknown}
 r - 2 potions of brilliance
 u - a potion of degeneration {unknown}
 z - a potion of flight {unknown}


   Skills:
 - Level 1.5 Dodging
 - Level 2.1 Stealth
 + Level 3.8 Spellcasting
 + Level 3.3 Conjurations
 + Level 1.9 Hexes
 + Level 2.6 Translocations
 + Level 4.7 Fire Magic


You had 2 spell levels left.
You knew the following spells:

 Your Spells              Type           Power      Damage    Failure   Level
a - Foxfire               Conj/Fire      100%       2x1d9     3%          1
b - Scorch                Fire           60%        2d7       3%          2
c - Volatile Blastmotes   Fire/Tloc      50%        2d14      10%         3
d - Inner Flame           Hex/Fire       23%        N/A       12%         3
e - Blink                 Tloc           38%        N/A       8%          2

Your spell library contained the following spells:

 Spells                   Type           Power      Damage    Failure   Level
 Momentum Strike          Conj/Tloc      42%        3d9       7%          2
 Lesser Beckoning         Tloc           38%        N/A       8%          2
 Flame Wave               Conj/Fire      26%        2d8       28%         4
 Arcjolt                  Conj/Air       7%         1d17      91%         5
 Yara's Violent Unravell  Hex/Tmut       5%         3d4       95%         5
 Enfeeble                 Hex            7%         N/A       100%        7
 Lehudib's Crystal Spear  Conj/Erth      7%         10d3      100%        8


Dungeon Overview and Level Annotations

Branches:
Dungeon (4/15)             Temple (1/1) D:4

Altars:
Ashenzari
Dithmenos
Fedhas
Gozag
Hepliaklqana
Kikubaaqudgha
Nemelex Xobeh
Okawaru
Qazlal
Ru
Trog
Uskayaw
Vehumet
Wu Jian
Xom
The Shining One


Innate Abilities, Weirdness & Mutations

You are immune to sickness and miasma.
Your stone body is resilient. (AC +4)
You are immune to poison.
You resist negative energy. (rN+)
You are resistant to electric shocks. (rElec)
You are resistant to unholy torment.
You are immune to petrification.


Message History

The +1 pair of boots of the Soft God {rF+} unmelds from your body.
Your +0 robe unmelds from your body.
You start resting.
Magic restored.
r - 3 clear potions (gained 1)
You now have 209 gold pieces (gained 6).
Found a ring mail.
You see here a +0 ring mail.
Found a stone staircase leading down.
There is a stone staircase leading down here.
A ball python comes into view.
A ball python is nearby!
A ball python is nearby!
Found 17 gold pieces and 5 curare-tipped darts.
Casting: Foxfire (safe; 3% risk of failure)
Confirm with . or Enter, or press ? or * to list all spells.
Flames lash the ball python.
You kill the ball python!
Vehumet accepts your kill.
You now have 226 gold pieces (gained 17).
There are no items here.
You see here 5 curare-tipped darts.
y - 5 curare-tipped darts You see here a ball python corpse.
An endoplasm comes into view.
An endoplasm is nearby!
An endoplasm is nearby!
A sourceless malevolence fills the Dungeon...
You fall into a shaft and drop 2 floors!
The shaft crumbles and collapses.
Found a leather armour.
A centaur comes into view.
The centaur shouts!
The centaur wields a +0 shortbow.
The centaur shoots an arrow.
The arrow hits you.
The centaur shoots an arrow.
The arrow hits you.
The centaur shoots an arrow.
The arrow hits you!
The centaur shoots an arrow.
The arrow hits you but does no damage.
The centaur shoots an arrow.
The arrow barely misses you.
You start resting.
A centaur is nearby!
Casting: Scorch (safe; 3% risk of failure)
Confirm with . or Enter, or press ? or * to list all spells.
Flames lash the centaur.
The centaur is moderately wounded.
The centaur's fire resistance burns away.
The centaur shoots an arrow.
The arrow hits you.
You hear a shout!
Casting: Scorch (safe; 3% risk of failure)
Confirm with . or Enter, or press ? or * to list all spells.
Flames lash the centaur.
The centaur is burned terribly!
You kill the centaur!
Vehumet accepts your kill.
An ufetubus comes into view.
You have reached level 7!
Casting: Scorch (safe; 3% risk of failure)
Confirm with . or Enter, or press ? or * to list all spells.
You conjure some foxfire!
You miss the ufetubus.
The foxfire hits the ufetubus!
The ufetubus is burned terribly!
The ufetubus is almost dead.
The foxfire hits the ufetubus.
The ufetubus is burned terribly!
You kill the ufetubus!
Vehumet accepts your kill.
You start resting.
Magic restored.
You start resting.
HP restored.
Memorise Blink, consuming 2 spell levels and leaving 2?
You start memorising the spell.
You continue memorising. x2
You finish memorising.
Spell assigned to 'e'.
Okay, then.
You start putting on your amulet.
You continue putting on your amulet of reflection. x5
You finish putting on your amulet of reflection.
You feel a shielding aura gather around you.
t - an amulet of reflection (around neck)
v - a ring of see invisible (left hand)
F - a ring of protection from fire (right hand) 2 orcs come into view.
The orc moves out of view.
Casting: Foxfire (safe; 3% risk of failure)
Confirm with . or Enter, or press ? or * to list all spells.
You conjure some foxfire!
The orc shouts!
An orc comes into view. It is wielding a +0 falchion.
An orc wizard comes into view. It is wielding a +0 dagger.
An orc comes into view. It is wielding a +0 short sword.
Casting: Foxfire (safe; 3% risk of failure)
Confirm with . or Enter, or press ? or * to list all spells.
Flames lash the orc.
The orc is lightly wounded.
The orc's fire resistance burns away.
You barely miss the orc.
The orc is lightly wounded.
The orc hits you but does no damage.
Casting: Scorch (safe; 3% risk of failure)
Confirm with . or Enter, or press ? or * to list all spells.
You conjure some foxfire!
You block the orc's attack.
You hit the orc wizard but do no damage.
The orc is no longer more vulnerable to fire.
The foxfire hits the orc wizard but does no damage.
The foxfire hits the orc wizard.
The orc wizard is lightly wounded.
The orc wizard closely misses you. The orc hits you but does no damage.
You miss the orc wizard.
The orc wizard is lightly wounded.
The orc hits you but does no damage. You block the orc wizard's attack.
Casting: Foxfire (safe; 3% risk of failure)
Confirm with . or Enter, or press ? or * to list all spells.
Flames lash the orc.
The orc is heavily wounded.
The orc's fire resistance burns away.
The orc closely misses you.
You hit the orc wizard but do no damage.
The orc wizard is lightly wounded.
The orc barely misses you.
A sleepcap comes into view.
The orc wizard points at you and mumbles some strange words.
The magic dart hits you but does no damage.
The orc closely misses you. The orc attacks as you move away!
The orc hits you with a +0 short sword. The orc attacks as you move away!
The orc misses you.
The orc wizard hits you with a +0 dagger.
You closely miss the orc wizard.
The orc wizard is lightly wounded.
The orc is no longer more vulnerable to fire.
The orc hits you but does no damage. The orc wizard closely misses you.
You closely miss the orc wizard.
The orc wizard is lightly wounded.
The orc hits you but does no damage. You block the orc wizard's attack.
You barely miss the orc.
The orc is heavily wounded.
You block the orc's attack. The orc wizard completely misses you.
Casting: Scorch (safe; 3% risk of failure)
Confirm with . or Enter, or press ? or * to list all spells.
Okay, then.
As you read the scroll labelled EGARPH IL WIFEXT, it crumbles to dust.
The creatures around you are filled with an inner flame!
It was a scroll of immolation.
The orc hits you but does no damage.
The orc wizard hits you with a +0 dagger.
You barely miss the orc.
The orc is heavily wounded.
The orc hits you with a +0 falchion. The orc wizard barely misses you.
You hit the orc but do no damage.
The orc is heavily wounded.
The orc misses you.
The orc wizard hits you but does no damage.
The orc wizard hits you with a +0 dagger.
You block the orc's attack.
You barely miss the orc.
The orc is heavily wounded.
The orc hits you with a +0 falchion. You block the orc wizard's attack.
You barely miss the orc.
The orc is heavily wounded.
The orc hits you with a +0 falchion.
The orc wizard hits you with a +0 dagger.
You barely miss the orc.
The orc is heavily wounded.
The orc barely misses you. The orc wizard barely misses you.
Unknown command.
You hit the orc but do no damage. Your punch misses the orc.
The orc is heavily wounded.
The orc hits you but does no damage.
The orc wizard gestures at you while chanting.
You are confused.
It was a potion of brilliance.
You feel clever all of a sudden. The orc completely misses you.
The orc wizard points at you and mumbles some strange words.
The puff of flame hits you. You resist.
It was a potion of curing.
You feel better. The orc closely misses you. The orc wizard barely misses you.
Casting: Scorch (safe; 3% risk of failure)
Confirm with . or Enter, or press ? or * to list all spells.
You feel a surge of power!
Flames lash the orc.
Vehumet accepts your kill.
The orc explodes!
The fiery explosion engulfs the orc!!
Vehumet accepts your kill.
The fiery explosion engulfs the sleepcap!!
Flame seeps out of the sleepcap.
The sleepcap is almost destroyed.
The orc explodes!
The fiery explosion engulfs the sleepcap!!!
Vehumet accepts your kill.
The fiery explosion engulfs the orc!!
Vehumet accepts your kill.
The orc explodes!
The fiery explosion engulfs the orc!!!
Vehumet accepts your kill.
The fiery explosion engulfs the orc wizard!!
Vehumet accepts your kill.
The orc wizard explodes!
The fiery explosion engulfs you! You resist.
The orc explodes!
The fiery explosion engulfs you! You resist.
* * * LOW HITPOINT WARNING * * *
The sleepcap explodes!
You are engulfed in blazing flames.
You resist.
You die...

# ####
#.####§@#
#.v#§§##
##..§§##
#..§§§##
#..##§).##
....
##.§.# ...
##.§.# .[
##..oo .
##..o..


There were no monsters in sight!

Vanquished Creatures
  Grinder (D:4)
  A centaur (D:6)
  A hound (D:4)
  2 orc priests (D:3)
  An orc wizard (D:6)
  A sleepcap (D:6)
  3 adders (D:2)
  An ufetubus (D:6)
  A worm (D:2)
  3 dart slugs
  11 orcs
  6 ball pythons
  3 bat zombies (D:3)
  3 endoplasms
  A giant cockroach (D:1)
  7 goblins
  5 hobgoblins
  6 jackals
  A quokka (D:3)
  3 bats
  2 frilled lizards (D:1)
  8 kobolds
  3 rats
  A rat zombie (D:3)
75 creatures vanquished.

Vanquished Creatures (others)
  104 foxfires
104 creatures vanquished.

Grand Total: 179 creatures vanquished

Notes
Turn   | Place    | Note
-------+----------+-------------------------------------------
     0 | D:1      | GloriousHammer the Gargoyle Fire Elementalist began the
                  | quest for the Orb.
     0 | D:1      | Reached XP level 1. HP: 10/10 MP: 3/3
   364 | D:1      | Reached XP level 2. HP: 15/15 MP: 1/5
  1093 | D:1      | Reached XP level 3. HP: 13/19 MP: 0/6
  1405 | D:1      | Learned a level 2 spell: Scorch
  1409 | D:1      | Learned a level 3 spell: Volatile Blastmotes
  1475 | D:2      | Found a shadowy altar of Dithmenos.
  1869 | D:2      | Identified the +4 war axe of Salt {antimagic, *Corrode Fly
                  | rPois Will++}
  1875 | D:2      | Reached XP level 4. HP: 24/24 MP: 5/8
  2007 | D:2      | Reached skill level 1 in Translocations
  2435 | D:3      | Found an iron altar of Okawaru.
  2455 | D:3      | Reached skill level 4 in Fire Magic
  2455 | D:3      | Reached XP level 5. HP: 28/28 MP: 1/9
  2462 | D:3      | Learned a level 3 spell: Inner Flame
  2669 | D:3      | Found a sparkling altar of Nemelex Xobeh.
  2725 | D:3      | Found a faded altar of an unknown god.
  3052 | D:3      | Found an ancient bone altar of Kikubaaqudgha.
  3190 | D:3      | Identified the +1 pair of boots of the Soft God {rF+}
  3351 | D:3      | Found a glowing golden altar of the Shining One.
  3860 | D:4      | Got the Volume of the Fifth Circle
  3943 | D:4      | Found a staircase to the Ecumenical Temple.
  4014 | Temple   | Entered the Ecumenical Temple
  4244 | Temple   | Became a worshipper of Vehumet
  4300 | D:4      | Noticed Grinder
  4349 | D:4      | Paralysed by Grinder for 4 turns
  4356 | D:4      | Killed Grinder
  4357 | D:4      | Reached skill level 1 in Hexes
  4357 | D:4      | Reached XP level 6. HP: 32/32 MP: 4/11
  4522 | D:4      | You fall into a shaft and drop 2 floors!
  4536 | D:6      | Reached XP level 7. HP: 21/36 MP: 7/12
  4594 | D:6      | Learned a level 2 spell: Blink
  4631 | D:6      | Engulfed by a cloud of flame

Illustrated notes

Levels and vault maps discovered:
D:1:      lightli_molten_gateway, layout_loops_corners, minmay_misc_feat_columns
D:2:      layout_loops_ring, basic_altar
D:3:      layout_loops_ring, lemuel_zombie_altar_kikubaaqudgha,
          okawaru_ov_weapons_minmay, general_overflow_altar,
          nicolae_tso_swordbearing_angel, hellmonk_ecumenical_altar_arch_garden,
          minmay_misc_feat_more_columns
D:4:      layout_loops_ring, minmay_temple_entry_trees, uniq_grinder
D:6:      layout_layer_cave, zin_scriptorium
Temple:   nicolae_temple_bog_church

Skill      XL: |  1  2  3  4  5 |
---------------+----------------+-----
Conjurations   | 2 3 |  3.3
Translocations | 1 2 |  2.6
Spellcasting   | 3 |  3.8
Fire Magic     | 4 |  4.7
Hexes          | 1 |  1.9
Dodging        | |  1.5
Stealth        | |  2.1

Action                     |  1- 3 |  4- 6 |  7- 9 || total
---------------------------+-------+-------+-------++-------
  Melee: Unarmed           |     1 |       |       ||     1
         Whip              |    13 |    17 |    14 ||    44
  Throw: Dart              |       |     5 |       ||     5
   Cast: Foxfire           |    58 |    14 |     3 ||    75
         Scorch            |     4 |    42 |     3 ||    49
    Use: Potion            |       |     1 |     2 ||     3
         Scroll            |       |       |     1 ||     1
   Stab: Sleeping          |       |     1 |       ||     1
 Armour: Robe              |    11 |    21 |     9 ||    41
  Dodge: Dodged            |    32 |    28 |    14 ||    74
  Block: Other             |       |       |     6 ||     6
